 Dungeon Crawl Stone Soup version 0.30-a0-1085-g990a428a5c (webtiles) character file.

Game seed: 17774066396483916652

2591 NateTC the Cleaver (level 9, 0/81 HPs)
             Began as a Hill Orc Fighter on Apr 16, 2023.
             Was a Follower of Okawaru.
             Shot with an arrow by a centaur warrior (4 damage)
             ... on level 7 of the Dungeon on Apr 17, 2023.
             The game lasted 00:20:32 (6884 turns).

NateTC the Cleaver (Hill Orc Fighter)               Turns: 6884, Time: 00:20:33

Health: 0/81       AC: 16    Str: 23    XL:     9   Next: 58%
Magic:  9/9        EV:  5    Int:  8    God:    Okawaru [*.....]
Gold:   157        SH:  9    Dex: 10    Spells: 8/8 levels left

rFire   . . .      SeeInvis +    a - +1 war axe
rCold   . . .      Faith    .    b - +0 kite shield
rNeg    . . .      Spirit   .    u - +0 plate armour
rPois   .          Reflect  .    (no helmet)
rElec   .          Rampage  .    e - +0 cloak
rCorr   .                        (no gloves)
Will    .....                    t - +0 pair of boots Stlth
                                 y - amulet of regeneration
HPRegen 1.13/turn                g - ring of flight
MPRegen 0.11/turn                k - ring of see invisible

@: flying
A: no striking features
a: Renounce Religion, Heroism


You were on level 7 of the Dungeon.
You worshipped Okawaru.
Okawaru was aware of your devotion.
You visited 2 branches of the dungeon, and saw 9 of its levels.
You also visited: Sewer.

You collected 410 gold pieces.
You spent 253 gold pieces at shops.

Inventory:

Hand Weapons
 a - a +1 war axe (weapon)
Armour
 b - a +0 kite shield (worn)
 e - a +0 cloak (worn)
 t - a +0 pair of boots (worn)
 u - a +0 plate armour (worn)
Jewellery
 g - a ring of flight (left hand)
 k - a ring of see invisible (right hand)
 n - an amulet of reflection
 q - a ring of magical power
 y - an amulet of regeneration (around neck)
Wands
 r - a wand of roots (11)
 v - a wand of charming (9)
 C - a wand of flame (20)
Scrolls
 o - a scroll of identify
 p - a scroll of vulnerability
 x - a scroll of fear
 B - a scroll of summoning
Potions
 c - a potion of berserk rage
 d - 4 potions of might
 f - 6 potions of curing
 h - 3 potions of magic
 i - 3 potions of heal wounds
 j - 3 potions of haste
 l - 2 potions of resistance
 m - a potion of lignification
 s - a potion of brilliance
 w - a potion of cancellation
 z - a potion of flight
 A - a potion of mutation


   Skills:
 + Level 8.3 Fighting
 * Level 10.0 Axes
 * Level 7.8 Armour
 + Level 6.6 Shields


You had 8 spell levels left.
You didn't know any spells.
Your spell library contained the following spells:

 Spells                   Type           Power      Damage    Failure   Level
 Apportation              Tloc           0%         N/A       100%        1
 Sting                    Tmut/Pois      0%         1d3       100%        1
 Poisonous Vapours        Pois/Air       0%         N/A       100%        2
 Volatile Blastmotes      Fire/Tloc      0%         2d10      100%        3
 Fulminant Prism          Conj/Hex       0%         3d5       100%        4
 Iskenderun's Mystic Bla  Conj/Tloc      0%         2d3       100%        4
 Olgreb's Toxic Radiance  Pois           0%         N/A       100%        4
 Alistair's Intoxication  Tmut/Pois      0%         N/A       100%        5
 Lee's Rapid Deconstruct  Erth           0%         3d4*      100%        5


Dungeon Overview and Level Annotations

Branches:
Dungeon (8/15) Zot: 26951  Temple (1/1) D:6 Zot: 5878   Sewer (visited)
   Lair: D:8-11

Altars:
Ashenzari
Cheibriados
Elyvilon
Fedhas
Gozag
Kikubaaqudgha
Makhleb
Okawaru
Qazlal
Ru
Sif Muna
Trog
Uskayaw
Vehumet
Wu Jian
Xom
Yredelemnul
The Shining One

Shops:
D:5 ([?[   D:7 *=?**

Annotations:
D:3 exclusion: downstairs


Message History

The centaur warrior is almost dead.
You block the centaur warrior's attack.
The centaur warrior kicks you but does no damage.
The centaur warrior hits you!
The centaur warrior kicks you but does no damage.
You completely miss the centaur warrior.
The centaur warrior is almost dead.
The centaur warrior hits you but does no damage.
You block the centaur warrior's attack. The centaur warrior hits you!
The centaur warrior kicks you but does no damage.
You hit the centaur warrior but do no damage.
The centaur warrior is almost dead.
The centaur warrior hits you but does no damage.
You block the centaur warrior's attack. The centaur warrior hits you!
* * * LOW HITPOINT WARNING * * *
The centaur warrior kicks you but does no damage.
You closely miss the centaur warrior.
The centaur warrior is severely wounded.
You block the centaur warrior's attack.
The centaur warrior kicks you but does no damage.
You slash the centaur warrior!
The centaur warrior is almost dead.
You block the centaur warrior's attack.
The centaur warrior kicks you but does no damage.
The centaur warrior hits you.
* * * LOW HITPOINT WARNING * * *
The centaur warrior kicks you but does no damage.
You hit the centaur warrior but do no damage.
The centaur warrior is almost dead.
The centaur warrior hits you.
* * * LOW HITPOINT WARNING * * *
The centaur warrior kicks you.
* * * LOW HITPOINT WARNING * * *
The centaur warrior hits you but does no damage.
The centaur warrior kicks you but does no damage.
The centaur warrior wields a +0 longbow.
The centaur warrior shoots an arrow.
The arrow hits you!
* * * LOW HITPOINT WARNING * * *
The centaur warrior shoots an arrow.
The arrow hits you.
You die...

...##....#.......##...#.........#
...##....#####....#...#.........#
.............#....#.[.+.........#
###..........#....'...#.........#
#∩'.#...####'#....##..#.........#
#########......#####..#####.....#
...#....#......#...#..#...#.....#
...#....#....[.#...#..#...#.....#
...#....#.....>#@..#..#...#.....#
...#....#....c.....#..#...#....>#
..#####'#........###+###..#.....#
..#.......#######....).#..#.....#
..#.......# #.†....#..#.....#
..#.......# #......#..#.....#
..#.......# #......#..#.....#
..#.......# #......'..#.....#
#.........# #......####.....#


You could see a centaur warrior.

Vanquished Creatures
  A hornet (D:7)
  Menkaure (D:6)
  2 water moccasins
  An orc warrior (D:7)
  3 sky beasts (D:7)
  2 black bears
  2 ogres (D:4)
  A centaur (D:7)
  3 phantoms (D:4)
  A bullfrog (D:6)
  A gnoll sergeant (D:5)
  A scorpion (D:6)
  3 jellies
  A hound (D:6)
  2 orc priests
  4 iguanas
  6 orc wizards
  A sleepcap (D:6)
  13 gnolls
  9 adders
  4 river rats
  A white imp (D:6)
  7 worms
  3 dart slugs
  16 orcs
  11 ball pythons
  11 endoplasms
  3 giant cockroaches
  12 goblins
  8 hobgoblins
  7 jackals
  4 quokkas
  4 bats
  8 frilled lizards
  A kobold (D:1)
  12 rats
170 creatures vanquished.

Notes
Turn   | Place    | Note
-------+----------+-------------------------------------------
     0 | D:1      | NateTC the Hill Orc Fighter began the quest for the Orb.
     0 | D:1      | Reached XP level 1. HP: 19/19 MP: 1/1
   124 | D:1      | Reached skill level 3 in Axes
   125 | D:1      | Reached XP level 2. HP: 27/27 MP: 2/2
   387 | D:1      | Reached XP level 3. HP: 33/33 MP: 3/3
  1448 | D:2      | Found a faded altar of an unknown god.
  2275 | D:3      | Reached XP level 4. HP: 40/41 MP: 4/4
  2284 | D:3      | Reached skill level 4 in Axes
  2485 | D:4      | Noticed an ogre
  2520 | D:4      | Noticed a phantom
  2535 | D:4      | Killed a phantom
  2536 | D:4      | Reached skill level 5 in Fighting
  2536 | D:4      | Reached XP level 5. HP: 48/48 MP: 5/5
  2577 | D:4      | Noticed a black bear
  2591 | D:4      | Killed a black bear
  2592 | D:4      | Reached skill level 5 in Axes
  2592 | D:4      | Reached XP level 6. HP: 53/56 MP: 6/6
  2850 | D:4      | Reached skill level 6 in Axes
  2850 | D:4      | Reached XP level 7. HP: 63/63 MP: 7/7
  2952 | D:4      | Found a radiant altar of Vehumet.
  3028 | D:4      | Found a snail-covered altar of Cheibriados.
  3142 | D:5      | Entered Level 5 of the Dungeon
  3192 | D:5      | Found Lurghiub's Magic Scroll Shop.
  3217 | D:5      | Found Hullac's Armour Emporium.
  3264 | D:5      | Reached skill level 5 in Armour
  3264 | D:5      | Reached skill level 5 in Shields
  3279 | D:5      | Reached skill level 7 in Axes
  3555 | D:5      | Found Neothiy's Antique Weapon Emporium.
  3664 | D:5      | Found a glowing golden altar of the Shining One.
  3670 | D:5      | Found a bloodstained altar of Trog.
  3770 | D:5      | Found Foydizxe's Armour Shoppe.
  3808 | D:5      | Bought a +0 plate armour for 253 gold pieces
  3918 | D:5      | Found a burning altar of Makhleb.
  3918 | D:5      | Noticed a cacodemon
  4036 | D:6      | Noticed Menkaure
  4044 | D:6      | Killed Menkaure
  4045 | D:6      | Reached XP level 8. HP: 46/73 MP: 8/8
  4320 | D:6      | Found a glowing drain.
  4327 | Sewer    | Entered a sewer
  4513 | Sewer    | Found a shimmering altar of Xom.
  4813 | D:6      | Reached skill level 8 in Axes
  4890 | D:6      | Found a staircase to the Ecumenical Temple.
  4900 | Temple   | Entered the Ecumenical Temple
  4996 | Temple   | Became a worshipper of Warmaster Okawaru
  5489 | D:6      | Reached XP level 9. HP: 80/80 MP: 9/9
  5571 | D:7      | Reached skill level 9 in Axes
  5583 | D:7      | Reached * piety under Okawaru
  5889 | D:7      | Found Varigicw's General Store.
  5930 | D:7      | Found Ruskepam's Magic Scroll Shoppe.
  6019 | D:7      | Found Jeum's Jewellery Emporium.
  6096 | D:7      | Found Tacoefeow's General Store.
  6241 | D:7      | Found a shimmering altar of Xom.
  6292 | D:7      | Noticed a hornet
  6301 | D:7      | Killed a hornet
  6352 | D:7      | Found Baqituh's Assorted Antiques.
  6659 | D:7      | Reached skill level 10 in Axes
  6847 | D:8      | Noticed a five-headed hydra
  6847 | D:8      | Noticed a centaur warrior
  6847 | D:8      | Noticed a boulder beetle
  6848 | D:8      | Noticed a deep elf pyromancer
  6848 | D:8      | Noticed a boulder beetle
  6883 | D:7      | HP: 3/81 [centaur warrior/arrow (11)]
  6884 | D:7      | Shot with an arrow by a centaur warrior

Illustrated notes

Levels and vault maps discovered:
D:1:      zelgadis_glass_arrival_small, layout_basic, minmay_door_square
D:2:      layout_loops_corners, shapermc_ecumenical_altar_pompeii
D:3:      minmay_diamond_boxcup, layout_loops_ring
D:4:      kennysheep_big_flooded_room, layout_rooms,
          nicolae_vehumet_altar_sigil, slow_altar_1
D:5:      layout_loops_cross, makhleb_altar_promises_db,
          amethyst_overflow_temple_binary, serial_shops,
          nicolae_shop_tiny_real_fake_doors, nicolae_shop_tiny_waterfront,
          nicolae_shop_advertising_works [nicolae_subvault_shop_adworks],
          nicolae_shop_statue_plus
D:6:      layout_gridville, minmay_temple_entry_slanted,
          lightli_sewer_entry_pipes, uniq_menkaure
D:7:      layout_gridville, mainiacjoe_overflow_24_doors, serial_shops,
          nicolae_shop_tiny_glass, shop, shop, nicolae_diamond_shop,
          nicolae_shop_overgrown_old_shop
D:8:      layout_loops_ring, zin_purify, lemuel_doored_altar,
          minmay_the_grid_2x2 [minmay_the_grid_embedded,
          minmay_the_grid_square_x, minmay_the_grid_x,
          minmay_the_grid_prize_trominoes]
Temple:   nicolae_temple_godzebo

Skill      XL: |  1  2  3  4  5  6  7  8  9 |
---------------+----------------------------+-----
Axes           | 3 4 5 6 7 8 10 | 10.0
Fighting       | 4 5 6 7 8 |  8.3
Shields        | 4 5 6 |  6.6
Armour         | 4 5 6 7 |  7.8

Action                     |  1- 3 |  4- 6 |  7- 9 || total
---------------------------+-------+-------+-------++-------
  Melee: War axe           |   126 |    64 |   318 ||   508
    Use: Scroll            |     7 |     3 |    11 ||    21
         Potion            |       |     1 |       ||     1
 Armour: Scale mail        |    60 |    26 |     1 ||    87
         Chain mail        |       |       |    16 ||    16
         Plate armour      |       |       |   159 ||   159
  Dodge: Dodged            |    49 |    27 |    74 ||   150
  Block: Buckler           |    39 |    38 |    37 ||   114
         Kite shield       |       |       |   183 ||   183
         Reflection        |       |       |     2 ||     2

Table legend: (Time is in decaauts)
 A = Elapsed time spent in this place.
 B = Non-inter-level travel time spent in this place.
 C = Inter-level travel time spent in this place.
 D = Time resting spent in this place.
 E = Time spent auto-exploring this place.
 F = Levels seen in this place.
 G = Mean time per level.
                   A        B        C        D        E       F      G
               +--------+--------+--------+--------+--------+-----+--------+
         Total |   7025 |   6760 |    265 |    748 |   4189 |  10 |  702.5 |
       Dungeon |   6539 |   6309 |    230 |    642 |   3979 |   8 |  817.4 |
        Temple |    121 |     86 |     35 |      0 |     76 |   1 |  121.0 |
         Sewer |    364 |    364 |      0 |    106 |    134 |   1 |  364.0 |
               +--------+--------+--------+--------+--------+-----+--------+

Top non-repeatable levels by time:
     D:7: 1333 daAuts
     D:6: 1093 daAuts
     D:2: 984 daAuts
     D:5: 884 daAuts
     D:3: 805 daAuts
     D:1: 780 daAuts
     D:4: 639 daAuts
   Sewer: 364 daAuts
  Temple: 121 daAuts
     D:8: 17 daAuts
